 Dungeon Crawl Stone Soup version 0.32-a0-921-g04a7ad8e02 (webtiles) character file.

Game seed: 3146316776783882041

2226 BlackSun the Skirmisher (level 9, -1/66 HPs)
             Began as a Mummy Hunter on Apr 11, 2024.
             Was an Initiate of Hepliaklqana.
             Slain by a wraith (12 damage)
             ... on level 6 of the Dungeon.
             The game lasted 00:08:17 (6696 turns).

BlackSun the Skirmisher (Mummy Hunter)              Turns: 6696, Time: 00:08:19

Health: -1/66      AC:  8    Str: 14    XL:     9   Next: 14%
Magic:  9/9        EV: 12    Int: 12    God:    Hepliaklqana [......]
Gold:   279        SH:  0    Dex: 20    Spells: 8/8 levels left

rFire   + . .        p - +2 sling "Caofelyo" {drain, rF+ Will- Int+4}
rCold   + + .        (no shield)
rNeg    + + +        c - +1 leather armour
rPois   ∞            (no helmet)
rElec   .            j - scarf {rC+ rF+}
rCorr   +            (no gloves)
SInv    .            (no boots)
Will    .....        (no amulet)
Stlth   ++           O - +4 ring of protection
HPRegen 0.31/turn    R - ring of resist corrosion
MPRegen 0.11/turn

%: faith
@: slowed, very slow
A: cold resistance 1, negative energy resistance 3, torment resistance 2, heat
vulnerability 1, in touch with death 1, no potions, faith
a: Renounce Religion


You were on level 6 of the Dungeon.
You worshipped Hepliaklqana.
Hepliaklqana was noncommittal.
You visited 2 branches of the dungeon, and saw 7 of its levels.

You collected 369 gold pieces.
You spent 90 gold pieces at shops.

Inventory:

Hand Weapons
 a - a +0 shortbow
 p - the +2 sling "Caofelyo" (weapon) {drain, rF+ Will- Int+4}
   (You found it on level 4 of the Dungeon)

   Int+4:     It affects your intelligence (+4).
   rF+:       It protects you from fire.
   Will-:     It decreases your willpower.
Missiles
 o - a throwing net {=f!f}
 q - a curare-tipped dart {=f}
Armour
 b - an orb of energy
 c - a +1 leather armour (worn)
 j - a scarf of resistance (worn)
 l - a scarf of invisibility
Magical Staves
 i - a staff of conjuration {!a}
 r - a staff of earth {!a}
Jewellery
 F - a ring of fire
 O - a +4 ring of protection (left hand)
 R - a ring of resist corrosion (right hand)
Scrolls
 d - 6 scrolls of identify {unknown}
 e - 2 scrolls of enchant weapon {unknown}
 f - a scroll of immolation {unknown}
 g - a scroll of brand weapon {unknown}
 h - a scroll of acquirement {unknown}
 k - a scroll of noise {unknown}
 m - a scroll of fog {unknown}
 s - a scroll of revelation {unknown}


   Skills:
 + Level 4.6 Fighting
 * Level 9.5 Ranged Weapons
 + Level 3.8 Dodging
 - Level 0.7 Stealth


You had 8 spell levels left.
You didn't know any spells.
Your spell library contained the following spells:

 Spells                   Type           Power      Damage    Failure   Level
 Magic Dart               Conj           0%         1d3       38%         1
 Sandblast                Erth           0%         2d4       38%         1
 Blink                    Tloc           0%         N/A       54%         2
 Call Imp                 Summ           0%         N/A       54%         2
 Ensorcelled Hibernation  Hex/Ice        0%         N/A       54%         2
 Dazzling Flash           Conj/Hex       0%         N/A       77%         3
 Mephitic Cloud           Conj/Alch/Air  0%         N/A       77%         3
 Passwall                 Erth           0%         N/A       77%         3
 Stone Arrow              Conj/Erth      0%         3d7       77%         3
 Swiftness                Air            0%         N/A       77%         3
 Brom's Barrelling Bould  Conj/Erth      0%         2d3       99%         4
 Curse of Agony           Necr           0%         N/A       100%        5
 Silence                  Hex/Air        0%         N/A       100%        5


Dungeon Overview and Level Annotations

Branches:
Dungeon (6/15)             Temple (1/1) D:5

Altars:
Ashenzari
Cheibriados
Dithmenos
Fedhas
Hepliaklqana
Kikubaaqudgha
Nemelex Xobeh
Qazlal
Ru
Sif Muna
Trog
Vehumet

Shops:
D:1 ?   D:5 !   D:6 [*=


Innate Abilities, Weirdness & Mutations

You are immune to poison.
Your flesh is cold resistant. (rC+)
You are immune to negative energy. (rN+++)
You are immune to unholy pain and torment.
You are vulnerable to heat. (rF-)
You are in touch with the powers of death.
You do not drink.
You have a special connection with the divine. (Faith)


Message History

Aim: a wraith (severely damaged, 68% to hit)
You shoot a sling bullet.
The sling bullet barely misses the wraith.
The wraith closely misses you.
Fire: p) +2 sling "Caofelyo" {drain, rF+ Will- Int+4}
Press: ? - help, Q - select action, (/) - cycle Shift-Dir - straight line, f/p - wraith
Aim: a wraith (severely damaged, 68% to hit)
You shoot a sling bullet.
The sling bullet hits the wraith but does no damage.
The wraith barely misses you. The wraith hits you.
* * * LOW HITPOINT WARNING * * *
The wraith drains your vigour!
You feel as though you will be slow longer.
Fire: p) +2 sling "Caofelyo" {drain, rF+ Will- Int+4}
Press: ? - help, Q - select action, (/) - cycle Shift-Dir - straight line, f/p - wraith
Aim: a wraith (severely damaged, 68% to hit)
You shoot a sling bullet.
The sling bullet hits the wraith but does no damage.
The wraith misses you.
Fire: p) +2 sling "Caofelyo" {drain, rF+ Will- Int+4}
Press: ? - help, Q - select action, (/) - cycle Shift-Dir - straight line, f/p - wraith
Aim: a wraith (severely damaged, 68% to hit)
You shoot a sling bullet.
The sling bullet barely misses the wraith.
The wraith hits you but does no damage. x2
Fire: p) +2 sling "Caofelyo" {drain, rF+ Will- Int+4}
Press: ? - help, Q - select action, (/) - cycle Shift-Dir - straight line, f/p - wraith
Aim: a wraith (severely damaged, 68% to hit)
You shoot a sling bullet. The sling bullet hits the wraith.
The wraith completely misses you.
Fire: p) +2 sling "Caofelyo" {drain, rF+ Will- Int+4}
Press: ? - help, Q - select action, (/) - cycle Shift-Dir - straight line, f/p - wraith
Aim: a wraith (almost destroyed, 68% to hit)
You shoot a sling bullet.
The sling bullet barely misses the wraith.
The wraith hits you but does no damage. x2
Fire: p) +2 sling "Caofelyo" {drain, rF+ Will- Int+4}
Press: ? - help, Q - select action, (/) - cycle Shift-Dir - straight line, f/p - wraith
Aim: a wraith (almost destroyed, 68% to hit)
You shoot a sling bullet.
The sling bullet barely misses the wraith.
The wraith closely misses you.
Fire: p) +2 sling "Caofelyo" {drain, rF+ Will- Int+4}
Press: ? - help, Q - select action, (/) - cycle Shift-Dir - straight line, f/p - wraith
Aim: a wraith (almost destroyed, 68% to hit)
You shoot a sling bullet.
The sling bullet hits the wraith but does no damage.
The wraith hits you!
You die...
Hepliaklqana delivers you to your ancestors.

..####.##...#.....# #..
...))[......#.....###.#
.##.#..#...#........>#
#.#.........#......#
#..∩....###.#.....## #
###..#......#.....##
.#.####.÷#...#.....#...#
.............#.###.#....
.###..@.....#.....#....
#..W...÷...!#.....#
#......)###.#.###.#
#...........#.....#
#........#.....#....
#........#.###.# ###
######...#..[..# ..
#.....§#... .#
#...###†#.###.#


You could see a wraith.

Vanquished Creatures
  Jeremiah (D:6)
  3 yaks (D:5)
  A black bear (D:4)
  2 ogres
  2 centaurs (D:6)
  A phantom (D:5)
  2 kobold brigands
  A bullfrog (D:6)
  3 scorpions
  A howler monkey (D:6)
  3 orc priests
  5 hounds
  A bombardier beetle (D:4)
  2 jellies (D:5)
  A sleepcap (D:5)
  3 iguanas
  3 orc wizards (D:5)
  3 gnolls (D:4)
  2 adders
  2 ufetubi (D:6)
  3 ribbon worms
  22 orcs
  4 bats
  3 endoplasms
  2 giant cockroaches (D:2)
  6 goblins
  3 hobgoblins
  6 jackals
  A quokka (D:1)
  2 ball pythons
  6 kobolds
  3 rats
103 creatures vanquished.

Notes
Turn   | Place    | Note
-------+----------+-------------------------------------------
     0 | D:1      | BlackSun the Mummy Hunter began the quest for the Orb.
     0 | D:1      | Reached XP level 1. HP: 16/16 MP: 1/1
   108 | D:1      | Found Wefyst's Magic Scroll Emporium.
   308 | D:1      | Found a faded altar of an unknown god.
   837 | D:2      | Reached XP level 2. HP: 22/22 MP: 2/2
  1143 | D:2      | Reached skill level 4 in Ranged Weapons
  1375 | D:3      | Reached XP level 3. HP: 9/27 MP: 3/3
  1565 | D:3      | Found a broken altar of Ashenzari.
  1864 | D:3      | Reached XP level 4. HP: 30/33 MP: 4/4
  1899 | D:3      | Found a shimmering blue altar of Sif Muna.
  2394 | D:4      | Reached skill level 5 in Ranged Weapons
  2664 | D:4      | Noticed a kobold brigand
  2676 | D:4      | Killed a kobold brigand
  2677 | D:4      | Reached XP level 5. HP: 8/38 MP: 5/5
  3471 | D:4      | Reached skill level 6 in Ranged Weapons
  3511 | D:4      | Identified the +2 sling "Caofelyo" {drain, rF+ Will- Int+4}
  3635 | D:4      | Reached XP level 6. HP: 44/44 MP: 6/6
  4112 | D:5      | Entered Level 5 of the Dungeon
  4158 | D:5      | Reached skill level 7 in Ranged Weapons
  4294 | D:5      | Reached XP level 7. HP: 46/50 MP: 7/7
  4457 | D:5      | Found a staircase to the Ecumenical Temple.
  4479 | Temple   | Found a transporter.
  4479 | Temple   | Found a transporter.
  4479 | Temple   | Found a transporter.
  4479 | Temple   | Found a transporter.
  4479 | Temple   | Entered the Ecumenical Temple
  4502 | Temple   | Became a worshipper of Hepliaklqana the Forgotten
  4782 | D:5      | Found Istiv's Distillery.
  4931 | D:5      | Reached skill level 8 in Ranged Weapons
  5072 | D:5      | Found a snail-covered altar of Cheibriados.
  5451 | D:6      | Reached XP level 8. HP: 43/57 MP: 8/8
  5636 | D:6      | Found Tuonna's Jewellery Emporium.
  5636 | D:6      | Found Gyasokapept's General Store.
  5665 | D:6      | Noticed Jeremiah
  5682 | D:6      | Killed Jeremiah
  5683 | D:6      | Reached skill level 3 in Fighting
  5803 | D:6      | Bought a scroll of blinking for 90 gold pieces
  5807 | D:6      | Found Erer's Armour Shoppe.
  5837 | D:6      | Reached skill level 3 in Dodging
  5840 | D:6      | Reached skill level 9 in Ranged Weapons
  6482 | D:5      | Reached XP level 9. HP: 66/66 MP: 9/9
  6696 | D:6      | Slain by a wraith

Illustrated notes

Levels and vault maps discovered:
D:1:      erik_arrival_orb_chamber, layout_basic,
          shapermc_ecumenical_altar_venn, serial_shops, shop
D:2:      layout_basic, basic_altar, st_stairs_8
D:3:      layout_basic, lemuel_crystal_altar,
          mainiacjoe_overflow_surrounded_room, nicolae_ashenzari_panopticon
D:4:      layout_layer_cave
D:5:      layout_rooms, general_overflow_altar, minmay_temple_entry_overgrown,
          nicolae_wooded_promenade
D:6:      hangedman_cross_stitches, layout_loops_cross, serial_shops,
          nicolae_shop_peninsula, shop, shop, nicolae_shop_bloodbath_and_beyond,
          nicolae_shop_advertising_works [nicolae_subvault_shop_adworks],
          grunt_decor_one_mirror, uniq_jeremiah
Temple:   hellmonk_temple_divided_pantheon

Skill      XL: |  1  2  3  4  5  6  7  8 |
---------------+-------------------------+-----
Ranged Weapons | 4 5 6 7 8 9 |  9.5
Dodging        | 2 3 |  3.8
Fighting       | 4 |  4.6
Stealth        | |  0.7

Action                     |  1- 3 |  4- 6 |  7- 9 || total
---------------------------+-------+-------+-------++-------
   Fire: Shortbow          |   101 |    96 |       ||   197
         Sling             |       |    43 |   246 ||   289
  Evoke: Wand              |       |       |     7 ||     7
    Use: Scroll            |       |       |     4 ||     4
 Armour: Leather armour    |    45 |    72 |   102 ||   219
  Dodge: Dodged            |    41 |    33 |    91 ||   165

Table legend: (Time is in decaauts)
 A = Elapsed time spent in this place.
 B = Non-inter-level travel time spent in this place.
 C = Inter-level travel time spent in this place.
 D = Time resting spent in this place.
 E = Time spent auto-exploring this place.
 F = Levels seen in this place.
 G = Mean time per level.
                   A        B        C        D        E       F      G
               +--------+--------+--------+--------+--------+-----+--------+
         Total |   6765 |   6488 |    277 |   1594 |   4011 |   7 |  966.4 |
       Dungeon |   6726 |   6473 |    253 |   1594 |   4011 |   6 | 1121.0 |
        Temple |     39 |     16 |     23 |      0 |      0 |   1 |   39.0 |
               +--------+--------+--------+--------+--------+-----+--------+

Top non-repeatable levels by time:
     D:5: 1804 daAuts
     D:4: 1588 daAuts
     D:3: 1214 daAuts
     D:1: 836 daAuts
     D:6: 768 daAuts
     D:2: 513 daAuts
  Temple: 39 daAuts
